 Dungeon Crawl Stone Soup version 0.22.1-2-g9c5b331 (webtiles) character file.

76 Matador8 the Skirmisher (level 4, -7/37 HPs)
             Began as a Demonspawn Wanderer on Dec 14, 2018.
             Was a Follower of Uskayaw.
             Killed by nerve-wracking pain
             ... invoked by Jessica
              (12 damage)
             ... on level 2 of the Dungeon.
             The game lasted 00:29:14 (2995 turns).

Matador8 the Skirmisher (Demonspawn Wanderer)       Turns: 2995, Time: 00:29:15

Health: -7/37      AC:  6    Str: 14    XL:     4   Next: 12%
Magic:  4/4        EV:  9    Int: 15    God:    Uskayaw [*.....]
Gold:   136        SH:  0    Dex: 10    Spells: 3/3 levels left

rFire    . . .     SeeInvis .     - Unarmed
rCold    . . .     Gourm    .   (no shield)
rNeg     . . .     Faith    .   n - +0 scale mail (curse)
rPois    .         Spirit   .   (helmet restricted)
rElec    .         Reflect  .   (no cloak)
rCorr    .         Harm     .   (no gloves)
MR       .....                  (no boots)
Stlth    ..........             (no amulet)
HPRegen  0.12/turn              (no ring)
MPRegen  0.09/turn              (no ring)

@: no status effects
A: claws 1, horns 1
a: Stomp, Renounce Religion


You were on level 2 of the Dungeon.
You worshipped Uskayaw.
Uskayaw was noncommittal.
You were not hungry.

You visited 1 branch of the dungeon, and saw 4 of its levels.

You collected 136 gold pieces.

Inventory:

Hand Weapons
 a - a +2 falchion
 b - a +0 spear
 p - a +2 dagger of venom
 v - a cursed -1 dagger
Missiles
 g - 53 stones (quivered)
 l - 10 poisoned needles
Armour
 c - a +0 buckler
 d - a +0 robe
 j - a +0 leather armour
 n - a cursed +0 scale mail (worn)
 q - a +0 pair of gloves
 s - a +0 helmet
 w - a cursed +0 large shield
Scrolls
 e - a scroll of random uselessness {unknown}
 i - a scroll of enchant armour {unknown}
 k - 2 scrolls of blinking {unknown}
 m - 3 scrolls of identify
 o - 2 scrolls of teleportation {unknown}
 r - a scroll of fog {unknown}
 u - a scroll of noise {unknown}
Potions
 t - a potion of flight {unknown}
Comestibles
 f - 5 rations


   Skills:
 - Level 4.0 Fighting
 - Level 2.3 Long Blades
   Level 1.0 Axes
 - Level 1.0 Armour
 - Level 1.6 Dodging
 - Level 1.0 Stealth
 - Level 1.7 Shields
 + Level 1.7 Unarmed Combat


You had 3 spell levels left.
You didn't know any spells.
Your spell library was empty.

Dungeon Overview and Level Annotations

Branches:
Dungeon (4/15)
 Temple: D:4-7

Altars:
Dithmenos
Uskayaw

Annotations:
D:2 Jessica
D:3 Grinder


Innate Abilities, Weirdness & Mutations

You have sharp fingernails.
You have a pair of small horns on your head.


Message History

You writhe in agony.
* * * LOW HITPOINT WARNING * * *
Grinder blinks! x2
Grinder says, "Just stop there for a second..."
You can move again.
Grinder blinks!
There is a stone staircase leading up here.
Grinder gestures at you. You resist with significant effort.
You climb upwards.
Level annotation: Jessica Jessica mumbles some strange words.
Jessica blinks!
There is a stone staircase leading down here.
You hear a zap.
You hear a grinding noise.
You start resting.
Jessica is too close now for your liking.
Jessica gestures at you while chanting. Pain shoots through your body!
You die...

###### #.# #
##########.# ##
#..........# .#
#.#######..# .#
#.# #..#
.#######.# #..#
### .......#.#
#..# ##.##
.#####.#.#
#####..###.#.##
## #...#
#....@....###.#
#####
#.###..###.#.##
#.# #..# ##.##
#.# #...###.#
####### #.#
#.>.....# #......
#.# #@.###..#
#.##### #.# .#.#
#..####.##
##########.#.##.#
#........#
###.....>....##
#.# #.#####..####


You could see Jessica.

Vanquished Creatures
  An adder (D:2)
  An ooze (D:1)
  A worm (D:2)
  3 leopard geckos (D:2)
  A ball python (D:1)
  7 giant cockroaches
  2 goblins
  3 hobgoblins (D:1)
  12 jackals
  6 kobolds
  A quokka (D:2)
  2 bats
  5 frilled lizards
  8 rats
53 creatures vanquished.

Notes
Turn   | Place    | Note
-------+----------+-------------------------------------------
     0 | D:1      | Matador8 the Demonspawn Wanderer began the quest for the
                  | Orb.
     0 | D:1      | Matador8 set off with: a +2 falchion, a +0 spear, a +0
                  | buckler, a +0 robe, a ration
     0 | D:1      | Reached XP level 1. HP: 19/19 MP: 1/1
    72 | D:1      | Reached skill level 1 in Dodging
    74 | D:1      | Gained mutation: You have a pair of small horns on your
                  | head. [demonic ancestry]
    74 | D:1      | Reached XP level 2. HP: 10/25 MP: 2/2
   961 | D:1      | Gained mutation: You have sharp fingernails. [demonic
                  | ancestry]
   961 | D:1      | Reached XP level 3. HP: 16/30 MP: 3/3
  1572 | D:2      | Reached skill level 1 in Unarmed Combat
  2126 | D:3      | Reached XP level 4. HP: 37/37 MP: 4/4
  2196 | D:3      | Found a hide-covered altar of Uskayaw.
  2203 | D:3      | Found a shadowy altar of Dithmenos.
  2221 | D:3      | Became a worshipper of Uskayaw the Reveler
  2445 | D:3      | Reached * piety under Uskayaw
  2486 | D:3      | Noticed Grinder
  2583 | D:3      | Noticed Jessica
  2911 | D:4      | Noticed a phantom
  2969 | D:3      | Paralysed by Grinder for 7 turns
  2995 | D:2      | Killed from afar by Jessica

Skill      XL: |  1  2  3 |
---------------+----------+-----
Dodging        | 1 |  1.6
Long Blades    | 2 |  2.3
Unarmed Combat | 1 |  1.7
Fighting       | |  4.0
Axes           | |  1.0
Armour         | |  1.0
Stealth        | |  1.0
Shields        | |  1.7

Action                   |  1- 3 |  4- 6 || total
-------------------------+-------+-------++-------
Melee: Falchion          |   106 |     5 ||   111
       Headbutt          |    13 |     3 ||    16
       Unarmed           |       |    30 ||    30
Throw: Stone             |     7 |     2 ||     9
  Use: Scroll            |     1 |     2 ||     3
 Stab: Sleeping          |     3 |       ||     3
  Eat: Chunk             |     4 |     2 ||     6
       Ration            |       |     1 ||     1
Armor: Robe              |    12 |       ||    12
       Scale mail        |     7 |    15 ||    22
Dodge: Dodged            |    44 |    18 ||    62
Block: Buckler           |    12 |     5 ||    17
       Rpst.: Falchion   |    12 |       ||    12
